 Dungeon Crawl Stone Soup version 0.29.0-4-gdea44cf6ec (webtiles) character file.

Game seed: 16161047334690506326

257 qw the Chopper (level 5, -3/41 HPs)
             Began as a Demonspawn Cinder Acolyte on Sept 9, 2022.
             Was an Elder of Ignis.
             Slain by an ogre
             ... wielding a +0 giant spiked club
              (12 damage)
             ... on level 4 of the Dungeon.
             The game lasted 00:00:54 (3103 turns).

qw the Chopper (Demonspawn Cinder Acolyte)          Turns: 3103, Time: 00:00:55

Health: -3/41      AC: 14    Str: 23    XL:     5   Next: 93%
Magic:  6/6        EV: 10    Int: 15    God:    Ignis [****..]
Gold:   204        SH:  0    Dex:  8    Spells: 6/6 levels left

rFire   + . .      SeeInvis .   Y - -1 hand axe (flame)
rCold   . . .      Faith    .   (no shield)
rNeg    . . .      Spirit   .   i - +0 scale mail of Life {rElec Str+6}
rPois   .          Reflect  .   (no helmet)
rElec   +          Harm     .   a - +0 cloak
rCorr   .          Rampage  .   (no gloves)
Will    .....                   (no boots)
Stlth   ..........              (no amulet)
HPRegen 0.13/turn               (no ring)
MPRegen 0.10/turn               (no ring)

@: fiery-armoured
A: foul stench 1
a: Renounce Religion, Fiery Armour, Foxfire Swarm, Rising Flame


You were on level 4 of the Dungeon.
You worshipped Ignis.
Ignis was greatly pleased with you.
You visited 1 branch of the dungeon, and saw 4 of its levels.

You collected 204 gold pieces.


Innate Abilities, Weirdness & Mutations

You may rarely emit foul miasma when damaged in melee.


   Skills:
 - Level 3.0 Fighting
 + Level 5.2 Axes
 - Level 1.0 Throwing
 - Level 1.1 Armour
 - Level 2.1 Dodging
 - Level 1.0 Spellcasting
 - Level 2.6 Fire Magic


You had 6 spell levels left.
You didn't know any spells.
Your spell library contained the following spells:

 Spells                   Type           Power      Damage    Failure   Level
 Scorch                   Fire           16%        2d5       32%         2

Inventory:

Hand Weapons
 Y - a -1 hand axe of flaming (weapon)
Missiles
 g - 2 javelins (quivered)
Armour
 a - a +0 cloak (worn)
 i - the +0 scale mail of Life (worn) {rElec Str+6}
   (You took it off a hobgoblin on level 3 of the Dungeon)

   Str:       It affects your strength (+6).
   rElec:     It insulates you from electricity.
Scrolls
 f - a scroll of enchant armour {unknown}
Potions
 b - a potion of heal wounds {unknown}
 c - a potion of ambrosia {unknown}
 d - a potion of attraction {unknown}
 e - a potion of curing {unknown}
 k - a potion of brilliance {unknown}

Dungeon Overview and Level Annotations

Branches:
Dungeon (4/15)
 Temple: D:4-7

Altars:


Message History

The phantom barely misses you.
You closely miss the hobgoblin.
The hobgoblin is severely wounded.
You barely miss the phantom. The hobgoblin barely misses you.
The phantom hits you but does no damage.
You hit the hobgoblin. You burn the hobgoblin.
You kill the hobgoblin!
You closely miss the phantom. The phantom completely misses you.
You closely miss the phantom.
The phantom is heavily damaged.
The phantom closely misses you.
You slash the phantom! You burn the phantom.
The phantom is severely damaged.
The phantom hits you but does no damage.
You hit the phantom but do no damage.
The phantom is severely damaged.
The phantom closely misses you.
You slash the phantom! You burn the phantom.
You destroy the phantom!
Your Dodging skill gained 2 levels and is now at level 2!
You miss the kobold. The kobold hits you but does no damage.
You hit the kobold but do no damage. The kobold barely misses you.
You slash the kobold! You burn the kobold.
You kill the kobold!
You barely miss the ogre.
The ogre hits you with a +0 giant spiked club!!
Ouch! That really hurt!
3102 ||| INVOKING Fiery Armour.
A protective cloak of flame settles atop you.
The ogre hits you but does no damage.
The ogre is burned by your cloak of flames.
The ogre is lightly wounded.
You barely miss the ogre.
The ogre is lightly wounded.
The ogre hits you with a +0 giant spiked club!
You die...

... . #.# #. #.#
##.. #.#
######..#
#.###......# #
#.....##...## #..
#####..###.......
#....###....).#
#.#...##
......%@.....##
#.#.....
###.##O#######
#.#.#### ...
#.#..... ##>.
#.###### #.. #..
#.. ..# #(# ##


You could see an ogre.

Vanquished Creatures
  A phantom (D:4)
  A hound (D:3)
  An iguana (D:4)
  An orc wizard (D:3)
  3 gnolls (D:3)
  An adder (D:2)
  2 dart slugs
  2 orcs (D:3)
  7 ball pythons
  3 bats
  4 endoplasms
  A giant cockroach (D:1)
  2 goblins
  12 hobgoblins
  2 jackals (D:2)
  3 kobolds
  4 quokkas
  3 frilled lizards
  4 rats (D:1)
  A spectral hobgoblin (D:1)
58 creatures vanquished.

Notes
Turn   | Place    | Note
-------+----------+-------------------------------------------
     0 | D:1      | qw the Demonspawn Cinder Acolyte began the quest for the
                  | Orb.
     0 | D:1      | Reached XP level 1. HP: 18/18 MP: 2/2
     0 | D:1      | 0 ||| qw: Version: 0.1-a-113-g051387a
     0 | D:1      | 0 ||| qw: Game counter: 7241
     0 | D:1      | 0 ||| qw: Always use a shield: true
     0 | D:1      | 0 ||| qw: God list: Okawaru
     0 | D:1      | 0 ||| qw: Allow faded altars: false
     0 | D:1      | 0 ||| qw: Do Orc after D:15 true
     0 | D:1      | 0 ||| qw: Do second Lair branch before Depths: true
     0 | D:1      | 0 ||| qw: Lair rune preference: random
     0 | D:1      | 0 ||| qw: Plans: Normal
     0 | D:1      | 0 ||| PLANNING D:1-11
   163 | D:1      | 163 ||| INVOKING Fiery Armour.
   165 | D:1      | Reached skill level 3 in Axes
   446 | D:1      | Found a faded altar of an unknown god.
   486 | D:1      | 486 ||| Stepping ~*~*~tactically~*~*~ (hiding).
   487 | D:1      | 487 ||| Stepping ~*~*~tactically~*~*~ (hiding).
   488 | D:1      | 488 ||| Stepping ~*~*~tactically~*~*~ (hiding).
   499 | D:1      | Gained mutation: You may rarely emit foul miasma when
                  | damaged in melee. [demonic ancestry]
   499 | D:1      | Reached XP level 2. HP: 19/24 MP: 3/3
   931 | D:1      | 931 ||| INVOKING Fiery Armour.
  1240 | D:1      | 1240 ||| UPGRADING to +0 ring mail.
  1250 | D:1      | 1250 ||| DROPPING +0 robe.
  1251 | D:1      | 1251 ||| READING scroll labelled BEEPNE XOOR.
  1252 | D:1      | 1252 ||| READING scroll labelled ISIWUI VEOLL.
  1253 | D:1      | 1253 ||| READING scroll labelled ZONTAU JUXTEAR.
  1295 | D:2      | 1295 ||| STAIRDANCE
  1359 | D:2      | 1359 ||| Stepping ~*~*~tactically~*~*~ (stealth).
  1361 | D:2      | 1361 ||| Stepping ~*~*~tactically~*~*~ (stealth).
  1368 | D:2      | 1368 ||| Stepping ~*~*~tactically~*~*~ (stealth).
  1377 | D:2      | Reached XP level 3. HP: 27/29 MP: 4/4
  1382 | D:2      | Reached skill level 4 in Axes
  1447 | D:2      | 1447 ||| Stepping ~*~*~tactically~*~*~ (stealth).
  1529 | D:2      | 1529 ||| FLEEEEING.
  1536 | D:2      | 1536 ||| STAIRDANCE
  1565 | D:1      | 1565 ||| UPGRADING to +0 cloak.
  2189 | D:2      | 2189 ||| READING scroll labelled YXZEB YDEUCWIK.
  2318 | D:3      | 2318 ||| Stepping ~*~*~tactically~*~*~ (stealth).
  2453 | D:3      | Reached skill level 1 in Throwing
  2498 | D:3      | 2498 ||| Stepping ~*~*~tactically~*~*~ (hiding).
  2499 | D:3      | 2499 ||| Stepping ~*~*~tactically~*~*~ (hiding).
  2511 | D:3      | Reached XP level 4. HP: 31/35 MP: 5/5
  2556 | D:3      | 2556 ||| Stepping ~*~*~tactically~*~*~ (stealth).
  2557 | D:3      | 2557 ||| Stepping ~*~*~tactically~*~*~ (stealth).
  2662 | D:3      | Identified the +0 scale mail of Life {rElec Str+6}
  2842 | D:3      | 2842 ||| INVOKING Fiery Armour.
  2917 | D:3      | Reached skill level 5 in Axes
  2917 | D:3      | Reached XP level 5. HP: 39/41 MP: 6/6
  2945 | D:3      | 2945 ||| UPGRADING to +0 scale mail of Life {rElec Str+6}.
  2955 | D:3      | 2955 ||| DROPPING +0 ring mail.
  2956 | D:3      | 2956 ||| READING scroll labelled ISHISK WALEG.
  2957 | D:3      | 2957 ||| READING scroll labelled ZEAKHL SAREA.
  2999 | D:4      | Reached skill level 1 in Armour
  3082 | D:4      | Noticed a phantom
  3084 | D:4      | Noticed an ogre
  3097 | D:4      | Killed a phantom
  3101 | D:4      | HP: 9/41 [ogre/+0 giant spiked club (25)]
  3102 | D:4      | 3102 ||| INVOKING Fiery Armour.
  3103 | D:4      | Slain by an ogre

Levels and vault maps discovered:
D:1:      lightli_arrival_lavapool, layout_basic,
          dreamdust_ecumenical_altar_drowned_temple
D:2:      layout_loops_cross
D:3:      layout_loops_cross
D:4:      layout_basic, gammafunk_temple_overflow_wave, uniq_ijyb

Skill      XL: |  1  2  3  4  5 |
---------------+----------------+-----
Axes           | 3 4 5 |  5.2
Throwing       | 1 |  1.0
Armour         | 1 |  1.1
Dodging        | 2 |  2.1
Fighting       | |  3.0
Spellcasting   | |  1.0
Fire Magic     | |  2.6

Action                   |  1- 3 |  4- 6 || total
-------------------------+-------+-------++-------
Melee: Hand axe          |   129 |    41 ||   170
       Punch             |       |     1 ||     1
Throw: Javelin           |    13 |     9 ||    22
Invok: Fiery Armour      |     2 |     2 ||     4
  Use: Scroll            |     4 |     2 ||     6
Armor: Robe              |    10 |       ||    10
       Ring mail         |    24 |     7 ||    31
       Scale mail        |       |     6 ||     6
Dodge: Dodged            |    62 |    19 ||    81

Table legend:
 A = Non-vault XP
 B = Vault XP
 C = Vault XP percentage of total XP
 D = Non-vault monster count
 E = Vault monster count
 F = Vault count percentage of total count
                 A         B        C        D         E       F
            +---------+---------+-------+---------+---------+-------
      Total |     367 |       1 |   0.3 |      57 |       1 |   1.7
            +---------+---------+-------+---------+---------+-------
        D:1 |      28 |       1 |   3.4 |      16 |       1 |   5.9
        D:2 |      45 |       0 |   0.0 |      17 |       0 |   0.0
        D:3 |     148 |       0 |   0.0 |      20 |       0 |   0.0
        D:4 |     146 |       0 |   0.0 |       4 |       0 |   0.0
            +---------+---------+-------+---------+---------+-------
